 Dungeon Crawl Stone Soup version 0.22-a0-185-ge330310 (webtiles) character file.

39 Amnesiac the Digger (level 3, -6/24 HPs)
             Began as a Mummy Earth Elementalist on Feb 15, 2018.
             Mangled by a kobold
             ... wielding a +0 short sword
              (7 damage)
             ... on level 2 of the Dungeon.
             The game lasted 00:04:20 (1145 turns).

Amnesiac the Digger (Mummy Earth Elementalist)      Turns: 1145, Time: 00:04:21

Health: -6/24      AC:  2    Str: 11    XL:     3   Next: 28%
Magic:  5/7        EV: 12    Int: 15    God:
Gold:   106        SH:  0    Dex: 12    Spells: 2/8 levels left

rFire    x . .     SeeInvis .   g - +0 dagger
rCold    + . .     Gourm    .   (no shield)
rNeg     + + +     Faith    .   c - +0 robe
rPois    ∞         Spirit   .   (no helmet)
rElec    .         Reflect  .   (no cloak)
rCorr    .         Harm     .   (no gloves)
MR       .....                  (no boots)
Stlth    ++........             (no amulet)
HPRegen  0.08/turn              (no ring)
MPRegen  0.10/turn              (no ring)

@: very slightly contaminated
A: no food or potions, fire vulnerability, cold resistance 1, negative energy
resistance 3, torment resistance, unbreathing
a: no special abilities


You were on level 2 of the Dungeon.
You were not hungry.

You visited 1 branch of the dungeon, and saw 3 of its levels.

You collected 106 gold pieces.

Inventory:

Hand Weapons
 g - a +0 dagger (weapon)
Armour
 c - a +0 robe (worn)
Jewellery
 a - an uncursed ring of stealth {unknown}
Scrolls
 e - 2 scrolls of magic mapping {!r, unknown}
 f - a scroll of noise {!r, unknown}
Books
 d - a book of Geomancy

   Spells                             Type                      Level
   a - Sandblast                      Earth                        1
   b - Passwall                       Transmutation/Earth          2
   c - Stone Arrow                    Conjuration/Earth            3
   d - Petrify                        Transmutation/Earth          4
   e - Lee's Rapid Deconstruction     Earth                        5


   Skills:
 - Level 1.5 Dodging
 - Level 1.5 Stealth
 + Level 3.3 Spellcasting
 - Level 0.7 Transmutations
 * Level 3.3 Earth Magic


You had 2 spell levels left.
You knew the following spells:

 Your Spells              Type           Power        Failure   Level  Hunger
a - Sandblast             Erth           ##....       4%          1    N/A
b - Passwall              Tmut/Erth      #.........   13%         2    N/A
c - Stone Arrow           Conj/Erth      #.....       28%         3    N/A

Dungeon Overview and Level Annotations

Branches:
Dungeon (3/15)

Altars:


Innate Abilities, Weirdness & Mutations

You do not eat or drink.
Your flesh is vulnerable to fire.
You are immune to poison.
Your flesh is cold resistant. (rC+)
You are immune to negative energy. (rN+++)
You are immune to unholy pain and torment.
You can survive without breathing.


Message History

Aiming: Sandblast (safe; 4% risk of failure)
Press: ? - help, Shift-Dir - straight line, f/p - kobold
Aim: a kobold, wielding a short sword You don't have any stones to cast with.
Casting: Sandblast (safe; 4% risk of failure)
Confirm with . or Enter, or press ? or * to list all spells.
Aiming: Sandblast (safe; 4% risk of failure)
Press: ? - help, Shift-Dir - straight line, f/p - kobold
Aim: a kobold, wielding a short sword You don't have any stones to cast with.
Casting: Sandblast (safe; 4% risk of failure)
Confirm with . or Enter, or press ? or * to list all spells.
Aiming: Sandblast (safe; 4% risk of failure)
Press: ? - help, Shift-Dir - straight line, f/p - kobold
Aim: a kobold, wielding a short sword You don't have any stones to cast with.
The goblin moves out of view.
Found 2 metallic amethyst potions.
The hobgoblin shouts!
There are no items here.
You see here a stone.
b - a stone The kobold hits you with a short sword.
* * * LOW HITPOINT WARNING * * *
You see here a stone.
b - 2 stones (gained 1)
The kobold misses you.
Casting: Sandblast (safe; 4% risk of failure)
Confirm with . or Enter, or press ? or * to list all spells.
Aiming: Sandblast (safe; 4% risk of failure)
Press: ? - help, Shift-Dir - straight line, f/p - kobold
Aim: a kobold, wielding a short sword The blast of sand misses the kobold.
The blast of sand hits the hobgoblin.
You kill the hobgoblin!
b - a stone The kobold hits you with a short sword!
* * * LOW HITPOINT WARNING * * *
The kobold hits you with a short sword.
* * * LOW HITPOINT WARNING * * *
There is a stone staircase leading up here.
You can't go down here!
The kobold hits you with a short sword.
* * * LOW HITPOINT WARNING * * *
You climb upwards.
Found a stone staircase leading up.
There is a stone staircase leading down here.
Casting: Sandblast (safe; 4% risk of failure)
Confirm with . or Enter, or press ? or * to list all spells.
Aiming: Sandblast (safe; 4% risk of failure)
Press: ? - help, Shift-Dir - straight line, f - kobold
Aim: a kobold, wielding a short sword You miscast Sandblast.
You are very lightly contaminated with residual magic.
Sand pours from your hands. The kobold closely misses you.
Unknown command.
Casting: Sandblast (safe; 4% risk of failure)
Confirm with . or Enter, or press ? or * to list all spells.
Aiming: Sandblast (safe; 4% risk of failure)
Press: ? - help, Shift-Dir - straight line, f/p - kobold
Aim: a kobold, wielding a short sword The blast of sand hits the kobold.
The kobold is moderately wounded.
You now have no stones remaining.
The kobold hits you with a short sword!
You die...

#.#.#.....#........#
..†......[##..÷..#.#
#.#.#..............#
..................##
#.#.#.....#.......#
..........##.....##
#.........###...##
#.........# ##)###
#...###.### #.K@#
..... .# #..<# .....
## #...# ##.## ..
... ... ...#


You could see a kobold.

Vanquished Creatures
  An adder (D:2)
  A dart slug (D:1)
  An orc (D:3)
  2 giant cockroaches (D:3)
  4 hobgoblins
  A quokka (D:2)
  A ball python (D:3)
  4 bats
  3 frilled lizards
  2 goblins
  A kobold (D:2)
  10 rats
31 creatures vanquished.

Notes
Turn   | Place    | Note
-------+----------+-------------------------------------------
     0 | D:1      | Amnesiac the Mummy Earth Elementalist began the quest for the Orb.
     0 | D:1      | Reached XP level 1. HP: 13/13 MP: 4/4
   110 | D:2      | Reached XP level 2. HP: 18/19 MP: 3/5
   118 | D:2      | Learned a level 2 spell: Passwall
   556 | D:2      | Reached XP level 3. HP: 22/24 MP: 7/7
   618 | D:3      | Noticed a phantom
  1067 | D:3      | Learned a level 3 spell: Stone Arrow
  1142 | D:3      | HP: 1/24 [kobold/short sword (2)]
  1145 | D:2      | Mangled by a kobold

Vault maps used:
D:1:      tarquinn_simple_flora_water_b
D:2:      serial_glass, glass_columns_b, glass_columns_b,
          minmay_rat_gold_closets, uniq_jessica, uniq_crazy_yiuf_cottage
D:3:      chequers_ecumenical_altar_twisty, first_ration

Skill      XL: |  1  2 |
---------------+-------+-----
Spellcasting   | 3 |  3.3
Earth Magic    | 3 |  3.3
Dodging        | |  1.5
Stealth        | |  1.5
Transmutations | |  0.7

Action                   || total
-------------------------++-------
Melee: Unarmed           ||    64
       Dagger            ||    26
 Cast: Sandblast         ||    34
 Stab: Sleeping          ||     4
Armor: Robe              ||    17
Dodge: Dodged            ||    87

Table legend:
 A = Spawn XP
 B = Non-spawn XP
 C = Spawn XP percentage of total XP
 D = Spawn monster count
 E = Non-spawn monster count
 F = Spawn count percentage of total count
 G = Total turns spent on level
                    A         B        C        D         E        F      G
               +---------+---------+-------+---------+---------+-------+---------
         Total |       0 |      57 |   0.0 |       0 |      31 |   0.0 |  1145
               +---------+---------+-------+---------+---------+-------+---------
           D:1 |       0 |       6 |   0.0 |       0 |       3 |   0.0 |   105
           D:2 |       0 |      37 |   0.0 |       0 |      20 |   0.0 |   436
           D:3 |       0 |      14 |   0.0 |       0 |       8 |   0.0 |   604
               +---------+---------+-------+---------+---------+-------+---------
